 Dungeon Crawl Stone Soup version 0.21.1-1-g345015f (webtiles) character file.

11112 Fang the Cleaver (level 11, -5/71 HPs)
             Began as a Gargoyle Berserker on May 10, 2018.
             Was a High Priest of Trog.
             Slain by a profane servitor
             ... wielding a +1 demon whip of electrocution
              (22 damage)
             ... on level 1 of the Abyss.
             The game lasted 00:22:57 (10823 turns).

Fang the Cleaver (Gargoyle Berserker)              Turns: 10823, Time: 00:22:58

Health: -5/71      AC: 13    Str: 24    XL:     11   Next: 72%
Magic:  11/11      EV: 17    Int:  8    God:    Trog [*****.]
Gold:   903        SH:  0    Dex:  9    Spells: 10/10 levels left

rFire    . . .     SeeInvis .   C - +2 war axe (drain)
rCold    . . .     Gourm    .   (no shield)
rNeg     + . .     Faith    .   j - +1 troll leather armour {Purgy}
rPois    ∞         Spirit   .   (no helmet)
rElec    +         Reflect  .   (no cloak)
rCorr    .         Harm     .   (no gloves)
MR       +....                  (no boots)
Stlth    ++........             i - amulet of regeneration
HPRegen  1.01/turn              f - +3 ring of evasion
MPRegen  0.12/turn              y - ring of protection from magic

@: berserk cooldown, wreathed by umbra
A: negative energy resistance 1, electricity resistance, unbreathing,
petrification resistance, rot immunity, AC +8
a: Berserk, Trog's Hand, Brothers in Arms, Burn Spellbooks, Renounce Religion


You were on level 1 of the Abyss.
You worshipped Trog.
Trog was extremely pleased with you.
You were very hungry.

You visited 1 branch of the dungeon, and saw 12 of its levels.
You visited the Abyss 1 time.
You also visited: Sewer, Ossuary and Bailey.

You collected 1078 gold pieces.
You spent 175 gold pieces at shops.

Inventory:

Hand Weapons
 s - a +2 whip of venom
 C - a +2 war axe of draining (weapon)
 H - a +2 halberd of freezing
Armour
 j - a +1 troll leather armour (worn) {Purgy}
Jewellery
 f - a +3 ring of evasion (left hand)
 i - an amulet of regeneration (around neck)
 n - a cursed ring of loudness {unknown}
 u - an uncursed ring of positive energy {unknown}
 y - a ring of protection from magic (right hand)
Wands
 o - a wand of random effects (19)
 p - a wand of flame (20)
 w - a wand of disintegration (11)
 D - a wand of enslavement (34)
Scrolls
 b - 6 scrolls of teleportation
 d - 4 scrolls of magic mapping
 g - 7 scrolls of remove curse
 k - 5 scrolls of blinking
 l - 4 scrolls of fog
 m - 3 scrolls of fear
Potions
 a - 6 potions of flight
 e - 3 potions of heal wounds
 h - 4 potions of curing
 q - a potion of brilliance
 r - 2 potions of cancellation
 t - 4 potions of mutation
 x - 2 potions of haste
 z - 3 potions of ambrosia
 A - 3 potions of might
 B - a potion of lignification
Comestibles
 c - 21 rations


   Skills:
 + Level 9.0 Fighting
 + Level 11.5(11.9) Axes
 + Level 5.2(9.7) Maces & Flails
 + Level 5.2 Armour
 + Level 7.1 Dodging
 + Level 3.2 Stealth


You had 10 spell levels left.
You didn't know any spells.

Dungeon Overview and Level Annotations

Branches:
Dungeon (12/15)            Temple (0/1) D:4            Lair (0/6) D:8
    Orc: D:9-12

Altars:
Yredelemnul

Shops:
D:4 }   D:7 (   D:12 ?

Annotations:
D:8 exclusion: ice statue


Innate Abilities, Weirdness & Mutations

You are resistant to torment.
Your stone body is resilient. (AC +8)
You are immune to poison.
You resist negative energy. (rN+)
You are resistant to electric shocks. (rElec)
You can survive without breathing.
You are immune to petrification.
You are immune to rotting.


Message History

You are exhausted.
You feel yourself slow down.
You start resting.
You are feeling very hungry.
You start resting.
HP restored.
Found a ration.
You now have 903 gold pieces (gained 22).
You feel yourself speed up.
A profane servitor comes into view.
It is wielding a demon whip of electrocution.
The profane servitor hits you with a demon whip of electrocution!
The profane servitor hits you with a demon whip of electrocution.
The profane servitor hits you with a demon whip of electrocution!!
The profane servitor hits you with a demon whip of electrocution.
The profane servitor hits you with a demon whip of electrocution!
* * * LOW HITPOINT WARNING * * *
The profane servitor hits you with a demon whip of electrocution.
* * * LOW HITPOINT WARNING * * *
The profane servitor hits you with a demon whip of electrocution!!
You die...

..# ..... ##
..## ....#.
..##..# #.%#...
.......
........
#...####.......
#.#..........≈.
#>.#...........
#..............
#...@A#........
#..............
#..........####
#####.##......
. .
.....#......≈ .
#.....##..#∩.≈
#.....# ...##≈
##....# .#.# #
.... ..#


You could see a profane servitor.

Vanquished Creatures
  Erolcha (D:12)
  2 two-headed ogres
  A manticore (D:12)
  An ugly thing (D:12)
  A gargoyle (D:9)
  2 centaur skeletons
  A troll (D:11)
  2 hippogriffs
  A wraith (D:11)
  A vampire (D:10)
  2 yaks (D:8)
  3 hogs (D:8)
  A human (D:8)
  2 basilisks (D:8)
  A steam dragon (D:11)
  A hungry ghost (D:10)
  3 orc warriors
  Purgy (Sewer)
  An ice beast (D:10)
  A hornet zombie (D:12)
  A sky beast (D:7)
  A phantom (D:4)
  7 ogres
  6 centaurs
  A crocodile (D:12)
  2 big kobolds
  10 bullfrogs
  A wyvern zombie (D:8)
  A scorpion (D:8)
  3 killer bees (D:9)
  12 wights
  3 howler monkeys
  2 crimson imps (D:6)
  2 bullfrog zombies
  2 centaur zombies
  2 quasits
  4 jellies
  A gnoll shaman (D:4)
  6 hounds
  An orc priest (D:10)
  2 bullfrog skeletons
  4 iguanas
  8 orc wizards
  6 worker ants
  2 hound zombies
  3 hound skeletons
  8 mummies (Ossuary)
  A worker ant zombie (D:10)
  A howler monkey skeleton (D:10)
  12 adders
  12 gnolls
  4 shadow imps
  An ooze (D:5)
  3 adder skeletons
  2 worms (D:4)
  2 dart slugs
  5 leopard geckos
  24 orcs
  8 ball pythons
  3 giant cockroaches
  6 goblins
  10 hobgoblins
  2 jackals (D:6)
  2 quokkas
  12 bats
  9 frilled lizards
  A gnoll zombie (Ossuary)
  2 hobgoblin zombies (Ossuary)
  A jackal skeleton (D:7)
  21 kobolds
  3 kobold zombies (Ossuary)
  2 orc zombies (Ossuary)
  A quokka zombie (D:6)
  8 rats
288 creatures vanquished.

Vanquished Creatures (others)
  An orc (D:11)
1 creature vanquished.

Grand Total: 289 creatures vanquished

Notes
Turn   | Place    | Note
-------+----------+-------------------------------------------
     0 | D:1      | Fang the Gargoyle Berserker began the quest for the Orb.
     0 | D:1      | Reached XP level 1. HP: 14/14 MP: 1/1
    82 | D:1      | Reached XP level 2. HP: 15/19 MP: 2/2
   226 | D:1      | Reached skill level 3 in Axes
   319 | D:1      | Reached XP level 3. HP: 22/24 MP: 3/3
   343 | D:1      | Reached ** piety under Trog
  1241 | D:2      | Reached XP level 4. HP: 29/29 MP: 4/4
  1773 | D:3      | Reached skill level 4 in Axes
  1947 | D:3      | Reached XP level 5. HP: 33/33 MP: 5/5
  2442 | D:4      | Reached *** piety under Trog
  2462 | D:4      | Reached XP level 6. HP: 23/38 MP: 6/6
  2529 | D:4      | Found a glowing drain.
  2570 | Sewer    | Entered a sewer
  2594 | Sewer    | Noticed Purgy
  2604 | Sewer    | Killed Purgy
  2604 | Sewer    | Reached skill level 5 in Axes
  2982 | D:4      | Noticed a phantom
  3016 | D:4      | Found Ytopsioc's Gadget Emporium.
  3016 | D:4      | Found a basalt altar of Yredelemnul.
  3021 | D:4      | Reached XP level 7. HP: 35/44 MP: 7/7
  3147 | D:4      | Found a staircase to the Ecumenical Temple.
  3208 | D:4      | Reached skill level 6 in Axes
  3947 | D:5      | Entered Level 5 of the Dungeon
  4023 | D:5      | Reached **** piety under Trog
  4023 | D:5      | Reached XP level 8. HP: 48/48 MP: 8/8
  4148 | D:5      | Reached skill level 5 in Fighting
  4157 | D:5      | Reached skill level 1 in Stealth
  4489 | D:5      | Reached skill level 1 in Maces & Flails
  4923 | D:6      | Reached skill level 7 in Axes
  5200 | D:6      | Reached XP level 9. HP: 54/54 MP: 9/9
  5621 | D:7      | Reached skill level 5 in Dodging
  5640 | D:7      | Found a flagged portal.
  5652 | Bailey   | Entered a bailey
  5662 | Bailey   | Noticed an orc knight
  5682 | Bailey   | Noticed an orc knight
  5839 | D:7      | Found a sand-covered staircase.
  5849 | Ossuary  | Entered an ossuary
  5860 | Ossuary  | Reached ***** piety under Trog
  5866 | Ossuary  | Reached skill level 5 in Maces & Flails
  6295 | D:7      | Found Onakeaff's Antique Weapon Emporium.
  6669 | D:8      | Found a staircase to the Lair.
  6685 | D:8      | Reached skill level 8 in Axes
  6858 | D:8      | Reached XP level 10. HP: 61/61 MP: 10/10
  6940 | D:8      | Reached skill level 9 in Axes
  7171 | D:8      | Noticed an ice statue
  7842 | D:9      | Noticed a gargoyle
  7850 | D:9      | Killed a gargoyle
  7913 | D:9      | You fall through a shaft for 2 floors!
  7964 | D:10     | Entered Level 10 of the Dungeon
  8083 | D:10     | Received a gift from Trog
  8252 | D:10     | Reached skill level 10 in Axes
  9385 | D:7      | Bought a glowing war axe for 175 gold pieces
  9523 | D:11     | Reached XP level 11. HP: 51/68 MP: 11/11
 10163 | D:11     | Noticed a two-headed ogre
 10170 | D:11     | Killed a two-headed ogre
 10323 | D:12     | Noticed a two-headed ogre
 10325 | D:12     | Noticed a manticore
 10329 | D:12     | Killed a two-headed ogre
 10329 | D:12     | Reached skill level 11 in Axes
 10374 | D:12     | Reached skill level 5 in Armour
 10436 | D:12     | Noticed a white ugly thing
 10443 | D:12     | Killed a white ugly thing
 10453 | D:12     | HP: 3/69 [manticore/volley of spikes (20)]
 10458 | D:12     | Killed a manticore
 10652 | D:12     | Noticed Erolcha
 10667 | D:12     | Killed Erolcha
 10729 | D:12     | Found Kamaf's Magic Scroll Shop.
 10787 | D:12     | Cast into level 1 of the Abyss (orc warrior)
 10816 | Abyss:1  | Noticed a profane servitor
 10823 | Abyss:1  | Slain by a profane servitor

Skill      XL: |  1  2  3  4  5  6  7  8  9 10 11 |
---------------+----------------------------------+-----
Axes           | 3 4 5 6 7 8 10 11 | 11.5
Dodging        | 2 3 4 5 6 7 |  7.1
Fighting       | 4 5 6 8 9 |  9.0
Stealth        | 1 2 3 |  3.2
Armour         | 3 4 5 |  5.2
Maces & Flails | 4 5 |  5.2

Action                   |  1- 3 |  4- 6 |  7- 9 | 10-12 || total
-------------------------+-------+-------+-------+-------++-------
Melee: Hand axe          |   117 |   210 |   292 |   267 ||   886
       Whip              |       |       |   230 |       ||   230
       War axe           |       |       |       |   154 ||   154
Invok: Berserk           |       |     4 |     3 |    11 ||    18
       Burn Spellbooks   |       |       |     1 |     2 ||     3
       Brothers in Arms  |       |       |       |     2 ||     2
  Use: Scroll            |       |     9 |     9 |     7 ||    25
       Potion            |       |     1 |     1 |     6 ||     8
 Stab: Sleeping          |       |       |     1 |     1 ||     2
       Distracted        |       |       |       |     1 ||     1
  Eat: Chunk             |     1 |     9 |    13 |     8 ||    31
       Ration            |       |       |     1 |     5 ||     6
Armor: Animal skin       |    39 |    61 |       |       ||   100
       Troll leather arm |       |    15 |   162 |   156 ||   333
Dodge: Dodged            |   107 |   196 |   409 |   366 ||  1078
